 Dungeon Crawl Stone Soup version 0.20-a0-1062-g7b787ac (webtiles) character file.

149 JeffiDaFish the Stinger (level 5, -10/29 HPs)
             Began as a Gargoyle Venom Mage on Apr 27, 2017.
             Mangled by an ogre
             ... wielding a +0 giant club
              (18 damage)
             ... on level 3 of the Dungeon.
             The game lasted 00:18:27 (3214 turns).

JeffiDaFish the Stinger (Gargoyle Venom Mage)       Turns: 3214, Time: 00:18:27

Health: -10/29     AC: 12    Str: 11    XL:     5   Next: 31%
Magic:  1/8        EV: 10    Int: 16    God:
Gold:   105        SH:  0    Dex: 11    Spells: 3/9 levels left

rFire    + . .     SeeInvis .   d - +0 spear
rCold    . . .     Gourm    .   (no shield)
rNeg     + . .     Faith    .   k - +0 ring mail (curse)
rPois    ∞         Spirit   .   j - +0 helmet (curse)
rElec    +         Reflect  .   (no cloak)
rCorr    .         Harm     .   (no gloves)
MR       .....                  (no boots)
Stlth    ++........             (no amulet)
Regen    0.1/turn               i - ring of stealth
MPRegen  0.2/turn               (no ring)

@: very slightly contaminated
A: slimy green scales 1, blink, fire resistance 1, negative energy resistance 1,
electricity resistance, unbreathing, petrification resistance, rot immunity, AC
+4
a: Blink


You were on level 3 of the Dungeon.
You were hungry.

You visited 1 branch of the dungeon, and saw 4 of its levels.

You collected 105 gold pieces.

Inventory:

Hand Weapons
 d - a +0 spear (weapon)
Armour
 j - a cursed +0 helmet (worn)
 k - a cursed +0 ring mail (worn)
Jewellery
 i - a ring of stealth (left hand)
Scrolls
 f - a scroll of amnesia
 g - 3 scrolls of fear
Potions
 a - a potion of might
 e - 4 potions of curing
Books
 b - a Young Poisoner's Handbook

   Spells                             Type                      Level
   a - Sting                          Conjuration/Poison           1
   b - Poisonous Vapours              Poison/Air                   2
   c - Mephitic Cloud                 Conjuration/Poison/Air       3
   d - Olgreb's Toxic Radiance        Poison                       4
   e - Venom Bolt                     Conjuration/Poison           5
Comestibles
 c - 4 bread rations
 h - 2 chunks of flesh
 l - a royal jelly


   Skills:
 + Level 1.0 Fighting
 + Level 0.8 Polearms
 * Level 0.9 Armour
 - Level 1.9 Dodging
 + Level 2.7 Stealth
 - Level 0.6 Unarmed Combat
 * Level 2.6 Spellcasting
 * Level 2.7 Conjurations
 + Level 0.5 Air Magic
 + Level 3.5 Poison Magic


You had 3 spell levels left.
You knew the following spells:

 Your Spells              Type           Power        Failure   Level  Hunger
a - Sting                 Conj/Pois      ##..         13%         1    #......
b - Poisonous Vapours     Pois/Air       #.....       30%         2    ##.....
c - Mephitic Cloud        Conj/Pois/Air  #.......     50%         3    ###....


Dungeon Overview and Level Annotations

Branches:
Dungeon (4/15)
 Temple: D:4-7

Altars:
Zin

Annotations:
D:3 hellotanjent's ghost, amateur GrFi


Innate Abilities, Weirdness & Mutations

You are resistant to torment.
Your stone body is resilient. (AC +4)
You are immune to poison.
You resist negative energy. (rN+)
You are resistant to electric shocks. (rElec)
You can survive without breathing.
You are immune to petrification.
You are immune to rotting.
You are partially covered in slimy green scales. (AC +2)
You can translocate small distances at will.
Your flesh is heat resistant. (rF+)


Message History

Your Fighting skill increases to level 1!
Things that are here:
a club; an orc corpse
Things that are here:
3 chunks of flesh; a mace; an orc skeleton You are feeling hungry.
You see here 23 stones.
Casting: Mephitic Cloud
Confirm with . or Enter, or press ? or * to list all spells.
Aiming: Poisonous Vapours
Press: ? - help, Dir - move target cursor, f/p - ogre
Aim: an ogre, wielding a giant club (moderately wounded) Poisonous vapours surround the ogre!
The ogre is engulfed in poison gas.
The ogre is poisoned.
The ogre hits you with a giant club!
Ouch! That really hurt!
* * * LOW HITPOINT WARNING * * *
Okay, then.
The ogre hits you with a giant club!!
Ouch! That really hurt!
You die...

#....................######
#.#...####...###.###.......
#.##.###......##.# #.......
#.##.# #.#....##.###.######
#.##÷###.##.#.##.....# #
#.##.#......#.######.# #
#.##.#.###..#.# #.# # #.##...#
#>.#.# #.# # ### #.####.###@##.#
#.# #### #.#####..(.....O.##.#
#.# #...
.#)##....##########.######.# #.##
###).%....## #........###.##
.#.#..>....# ####.........##
#.###÷....############.######..##
#.# #..................# #.>##
#.# ###..####################<.#.
#.# ##.# #..........#..


You could see an ogre.

Vanquished Creatures
  An orc wizard (D:4)
  An adder (D:2)
  An ooze (D:1)
  A worm (D:2)
  4 dart slugs
  A leopard gecko (D:1)
  14 orcs (D:3)
  11 giant cockroaches
  8 goblins
  7 hobgoblins
  6 jackals
  5 kobolds
  A quokka (D:3)
  8 bats
  2 frilled lizards
  7 rats
78 creatures vanquished.

Notes
Turn   | Place    | Note
-------+----------+-------------------------------------------
     0 | D:1      | JeffiDaFish the Gargoyle Venom Mage began the quest for the Orb.
     0 | D:1      | Reached XP level 1. HP: 10/10 MP: 3/3
   521 | D:1      | Reached XP level 2. HP: 6/15 MP: 3/5
   794 | D:1      | Learned a level 2 spell: Poisonous Vapours
   943 | D:1      | Reached XP level 3. HP: 16/19 MP: 1/6
  1127 | D:1      | Learned a level 3 spell: Mephitic Cloud
  1180 | D:1      | Gained mutation: You are partially covered in slimy green scales. (AC +2) [potion of mutation]
  1180 | D:1      | Gained mutation: You can translocate small distances at will. [potion of mutation]
  1180 | D:1      | Gained mutation: Your flesh is heat resistant. (rF+) [potion of mutation]
  1569 | D:2      | Found a glowing silver altar of Zin.
  1719 | D:2      | Reached XP level 4. HP: 24/24 MP: 1/7
  2444 | D:3      | Noticed hellotanjent's ghost (amateur GrFi)
  3080 | D:3      | Reached XP level 5. HP: 28/28 MP: 5/8
  3169 | D:4      | Noticed an ogre
  3198 | D:3      | Reached skill level 1 in Fighting
  3214 | D:3      | Mangled by an ogre

Vault maps used:
D:1:      evilmike_arrival_crescent, minmay_tall_x
D:2:      nicolae_overflow_crystal_walls
D:3:      first_bread
D:4:      grunt_qazlal_sundering, old_standard_altar,
          nicolae_overflow_hidden_temple, old_standard_altar, temple_statues,
          kennysheep_cross_room

Skill      XL: |  1  2  3  4  5 |
---------------+----------------+-----
Conjurations   | 2 |  2.7
Fighting       | 1 |  1.0
Polearms       | |  0.8
Armour         | |  0.9
Dodging        | |  1.9
Stealth        | |  2.7
Unarmed Combat | |  0.6
Spellcasting   | |  2.6
Air Magic      | |  0.5
Poison Magic   | |  3.5

Action                   |  1- 3 |  4- 6 || total
-------------------------+-------+-------++-------
Melee: Unarmed           |    27 |       ||    27
       Short sword       |     1 |       ||     1
       Spear             |    36 |   117 ||   153
 Cast: Sting             |    20 |    12 ||    32
       Poisonous Vapours |    18 |    27 ||    45
       Mephitic Cloud    |     1 |       ||     1
  Use: Scroll            |     6 |     5 ||    11
       Potion            |     2 |     4 ||     6
 Stab: Confused          |     1 |       ||     1
       Sleeping          |     1 |       ||     1
  Eat: Chunk             |     4 |     7 ||    11
Armor: Robe              |     4 |       ||     4
       Leather armour    |     8 |    17 ||    25
       Ring mail         |       |    47 ||    47
Dodge: Dodged            |    37 |    72 ||   109
